 Dungeon Crawl Stone Soup version 0.28.0-47-ge53b351184 (webtiles) character file.

Game seed: 8017886511202614864

2896 101zpm the Thaumaturge (level 10, -3/64 HPs)
             Began as a Djinni Ice Elementalist on Apr 26, 2022.
             Was a Follower of Makhleb.
             Slain by Harold
             ... wielding a +0 trident
              (11 damage)
             ... on level 7 of the Dungeon.
             The game lasted 00:23:11 (9931 turns).

101zpm the Thaumaturge (Djinni Ice Elementalist)    Turns: 9931, Time: 00:23:12

Health: -3/64      AC:  8    Str:  7    XL:     10   Next: 5%
Gold:   259        EV: 13    Int: 26    God:    Makhleb [*.....] SH:  7 Dex: 21

rFire   + + .      SeeInvis .   r - +1 rapier (vamp)
rCold   . . .      Faith    .   c - +2 buckler
rNeg    . . .      Spirit   .   s - +3 leather armour {rC+}
rPois   ∞          Reflect  .   (no helmet)
rElec   .          Harm     .   q - +0 cloak
rCorr   .          Rampage  .   a - +0 pair of gloves
Will    +....                   (boots unavailable)
Stlth   ++........              (no amulet)
HPRegen 0.20/turn               k - +6 ring of intelligence
MPRegen 0.00/turn               p - +6 ring of dexterity

@: marked, freezing walls, flying
A: sickness immunity, fire resistance 2, cold vulnerability 1, float, innate
caster, HP casting, extra vitality 1
a: Renounce Religion


You were on level 7 of the Dungeon.
You worshipped Makhleb.
Makhleb was aware of your devotion.
You visited 2 branches of the dungeon, and saw 8 of its levels.

You collected 259 gold pieces.

Inventory:

Hand Weapons
 r - a +1 vampiric rapier (weapon)
Armour
 a - a +0 pair of gloves (worn)
 c - a +2 buckler (worn)
 q - a +0 cloak (worn)
 s - a +3 leather armour of cold resistance (worn)
Magical Staves
 y - a staff of conjuration
Jewellery
 k - a +6 ring of intelligence (left hand)
 o - a ring of see invisible
 p - a +6 ring of dexterity (right hand)
 w - a ring of willpower
Wands
 n - a wand of digging (1)
 z - a wand of iceblast (1)
Scrolls
 d - 4 scrolls of amnesia
 e - 2 scrolls of fog
 g - 3 scrolls of teleportation
 i - 5 scrolls of identify
 m - 3 scrolls of enchant armour {unknown}
 t - a scroll of noise {unknown}
 A - a scroll of brand weapon {unknown}
 B - a scroll of enchant weapon {unknown}
 D - a scroll of fear {unknown}
Potions
 b - a potion of ambrosia {unknown}
 f - 4 potions of heal wounds {unknown}
 h - 5 potions of curing {unknown}
 j - 2 potions of lignification {unknown}
 l - a potion of resistance {unknown}
 u - a potion of might {unknown}
 v - a potion of flight {unknown}
 x - a potion of magic {unknown}
 C - a potion of brilliance {unknown}


   Skills:
 + Level 2.0 Fighting
 + Level 3.0 Short Blades
 + Level 2.9 Armour
 + Level 4.7 Dodging
 + Level 2.8 Stealth
 + Level 2.6 Shields
 + Level 0.2 Unarmed Combat
 + Level 8.9 Spellcasting


You had 6 spell levels left.
You knew the following spells:

 Your Spells              Type           Power      Damage    Failure   Level
a - Freeze                Ice            100%       1d11      1%          1
b - Frozen Ramparts       Ice            100%       1d12      1%          3
c - Ozocubu's Armour      Ice            55%        N/A       1%          3
d - Hailstorm             Conj/Ice       55%        3d12      2%          4
e - Summon Small Mammal   Summ           100%       N/A       1%          1
f - Wereblood             Tmut           55%        N/A       1%          2
g - Poisonous Vapours     Pois/Air       100%       N/A       1%          2
h - Sticky Flame          Conj/Fire      55%        2d7       2%          4
Your spell library was empty.

Dungeon Overview and Level Annotations

Branches:
Dungeon (7/15)             Temple (1/1) D:4

Altars:
Ashenzari
Cheibriados
Dithmenos
Elyvilon
Fedhas
Gozag
Hepliaklqana
Makhleb
Nemelex Xobeh
Okawaru
Qazlal
Ru
Sif Muna
Trog
Uskayaw
Vehumet
Wu Jian
Xom
Yredelemnul
Zin
The Shining One

Shops:
D:6 =

Annotations:
D:3 1 runed translucent door, Crazy Yiuf
D:7 Harold


Innate Abilities, Weirdness & Mutations

You are immune to sickness and miasma.
You are immune to poison.
Your flesh is very heat resistant. (rF++)
You are vulnerable to cold. (rC-)
You float through the air rather than walking.
You learn spells naturally, not from books.
Your magical power is your life essence.
You have superior vitality. (+4 MHP)


Message History

Casting: Frozen Ramparts (safe; 1% risk of failure)
Press: ? - help, Dir - look around, f - activate
Okay, then.
Found an escape hatch in the ceiling.
Harold fires a harpoon shot at you. The harpoon shot hits you!
You are yanked forward by the harpoon shot.
Harold throws a throwing net.
The throwing net barely misses you. Harold fires a harpoon shot at you.
The harpoon shot hits you.
You are yanked forward by the harpoon shot.
Casting: Frozen Ramparts (safe; 1% risk of failure)
Confirm with . or Enter, or press ? or * to list all spells.
Casting: Frozen Ramparts (safe; 1% risk of failure)
Press: ? - help, Dir - look around, f - activate The walls around you are covered in ice.
The wall freezes Harold.
Harold hits you with a +0 trident!
Casting: Frozen Ramparts (safe; 1% risk of failure)
Confirm with . or Enter, or press ? or * to list all spells.
The wall freezes Harold.
Harold hits you with a +0 trident!
Casting: Summon Small Mammal (safe; 1% risk of failure)
Confirm with . or Enter, or press ? or * to list all spells.
* * * LOW HITPOINT WARNING * * *
The wall freezes Harold.
Harold hits you with a +0 trident!
* * * LOW HITPOINT WARNING * * *
What are your orders? t - Shout!
Orders for allies: a - Attack new target. r - Retreat! s - Stop attacking. g - Guard the area. f - Follow me.
Anything else - Cancel.
Okay, then.
As you read the scroll labelled EGOMAH BUJUU, it crumbles to dust.
It is a scroll of identify.
e - 3 scrolls of fog The wall freezes Harold.
Harold barely misses you.
As you read the scroll of fog, it crumbles to dust.
The scroll dissolves into smoke.
The wall freezes Harold.
Harold hits you with a +0 trident!
You die...

.<. #.# #.# #(### #.#.## #..
#....#####. #.# #§§..§.....
#.#. #§§br##### #.#. #.#@##
### #.#.## #.#§@§....# #.#..#
#.#######.#
#.##.########.##### #.#
##.##.##...........###.######
#.#.#.##..####.#....))......#
.###..# #...#.###.####.# ##
##.## #.###.###.####.#.# #
##.# #................###


You could see Harold (ally target), a friendly bat (summoned) and a friendly rat
(summoned).

Vanquished Creatures
  Pikel (D:5)
  Joseph (D:7)
  A gargoyle (D:7)
  Eustachio (D:4)
  Duvessa (D:5)
  An orc warrior (D:7)
  2 ice beasts
  A black bear (D:5)
  A centaur (D:5)
  An ogre (D:5)
  A kobold brigand (D:7)
  A scorpion (D:5)
  A water moccasin zombie (D:5)
  A howler monkey (D:6)
  A centaur zombie (D:5)
  A bullfrog zombie (D:5)
  A bullfrog skeleton (D:5)
  2 hounds
  An orc priest (D:3)
  3 jellies
  Ijyb (D:4)
  5 iguanas
  An orc wizard (D:4)
  8 adders
  An ufetubus (D:6)
  2 dart slugs (D:1)
  12 orcs
  3 bats
  7 endoplasms
  2 giant cockroaches
  8 goblins
  A hobgoblin (D:1)
  4 quokkas
  7 ball pythons
  5 kobolds
  4 rats (D:2)
95 creatures vanquished.

Vanquished Creatures (collateral kills)
  An ogre (D:4)
  A centaur (D:5)
  A lemure (D:5)
  A bullfrog zombie (D:5)
  A centaur skeleton (D:5)
  A bullfrog skeleton (D:6)
  4 orcs
  A goblin (D:3)
  2 kobolds (D:7)
13 creatures vanquished.

Vanquished Creatures (others)
  A plant (D:2)
  11 withered plants (D:7)
12 creatures vanquished.

Grand Total: 120 creatures vanquished

Notes
Turn   | Place    | Note
-------+----------+-------------------------------------------
     0 | D:1      | 101zpm the Djinni Ice Elementalist began the quest for the
                  | Orb.
     0 | D:1      | Reached XP level 1. HP: 15/15 MP: 0/0
   429 | D:1      | Reached XP level 2. HP: 20/21 MP: 0/0
   856 | D:1      | Reached XP level 3. HP: 23/25 MP: 0/0
   856 | D:1      | Learned a level 1 spell: Summon Small Mammal
  1434 | D:2      | Reached skill level 4 in Spellcasting
  1851 | D:2      | Reached XP level 4. HP: 29/31 MP: 0/0
  2213 | D:3      | Found a faded altar of an unknown god.
  2375 | D:3      | Reached XP level 5. HP: 17/35 MP: 0/0
  2375 | D:3      | Learned a level 2 spell: Wereblood
  3206 | D:3      | Found a runed translucent door.
  3207 | D:3      | Noticed Crazy Yiuf
  3625 | D:4      | Noticed Ijyb
  3946 | D:4      | Killed Ijyb
  4073 | D:4      | Found a staircase to the Ecumenical Temple.
  4080 | Temple   | Entered the Ecumenical Temple
  4441 | Temple   | Became a worshipper of Makhleb the Destroyer
  4895 | D:4      | Noticed an ogre
  4950 | D:4      | Killed an ogre
  4951 | D:4      | Reached skill level 5 in Spellcasting
  4951 | D:4      | Reached XP level 6. HP: 27/40 MP: 0/0
  5575 | D:4      | Reached skill level 1 in Shields
  5785 | D:4      | Noticed Eustachio
  5829 | D:4      | Killed Eustachio
  5830 | D:4      | Reached XP level 7. HP: 3/45 MP: 0/0
  5830 | D:4      | Learned a level 2 spell: Poisonous Vapours
  6196 | D:5      | Entered Level 5 of the Dungeon
  6635 | D:5      | Reached skill level 6 in Spellcasting
  7051 | D:5      | Reached XP level 8. HP: 40/51 MP: 0/0
  7071 | D:5      | Reached skill level 1 in Short Blades
  7200 | D:5      | Reached skill level 1 in Armour
  7500 | D:5      | Reached skill level 1 in Fighting
  7801 | D:5      | Noticed Pikel
  7819 | D:5      | Killed Pikel
  7820 | D:5      | Reached skill level 7 in Spellcasting
  7820 | D:5      | Reached XP level 9. HP: 28/57 MP: 0/0
  7820 | D:5      | Learned a level 4 spell: Sticky Flame
  8334 | D:5      | Noticed Duvessa
  8341 | D:5      | Killed Duvessa
  8925 | D:6      | Reached skill level 8 in Spellcasting
  8929 | D:6      | Found Ruusias's Jewellery Emporium.
  9419 | D:7      | Noticed Joseph
  9423 | D:7      | Noticed a gargoyle
  9435 | D:7      | Killed Joseph
  9435 | D:7      | Reached * piety under Makhleb
  9439 | D:7      | Killed a gargoyle
  9440 | D:7      | Reached XP level 10. HP: 25/64 MP: 0/0
  9922 | D:7      | Noticed Harold
  9931 | D:7      | Slain by Harold

Illustrated notes

Levels and vault maps discovered:
D:1:      wheals_arrival_shading, layout_loops_ring
D:2:      layout_rooms, serial_bayou_ford_a, chequers_serial_rivers_micro_b,
          serial_bayou_lagoon_a
D:3:      layout_loops_ring, chequers_ecumenical_altar_simple_redux,
          dk_noncrumbling_4, minmay_strange_pillars, hangedman_decor_points,
          minmay_strange_pillars, uniq_crazy_yiuf_cottage
D:4:      layout_loops_corners, temple_green, uniq_ijyb, uniq_eustachio
D:5:      layout_basic, minmay_starry_boxes, uniq_pikel, uniq_duvessa
D:6:      layout_basic, serial_shops, nicolae_shop_hallway_stairs
D:7:      layout_loops_ring, kiku_gazebo_garden_becter, supply_closet_lemuel,
          uniq_harold, uniq_joseph
Temple:   mainiacjoe_temple_circle_huts

Skill      XL: |  1  2  3  4  5  6  7  8  9 |
---------------+----------------------------+-----
Spellcasting   | 4 5 6 7 8 |  8.9
Stealth        | 2 |  2.8
Dodging        | 3 4 |  4.7
Shields        | 1 2 |  2.6
Short Blades   | 2 3 |  3.0
Armour         | 2 |  2.9
Fighting       | 1 2 |  2.0
Unarmed Combat | |  0.2

Action                   |  1- 3 |  4- 6 |  7- 9 | 10-12 || total
-------------------------+-------+-------+-------+-------++-------
Melee: Unarmed           |     3 |     6 |       |       ||     9
       Rapier            |       |       |    86 |       ||    86
 Cast: Freeze            |    51 |    44 |    16 |       ||   111
       Summon Small Mamm |       |    29 |    68 |     9 ||   106
       Frozen Ramparts   |       |    17 |    25 |     2 ||    44
       Ozocubu's Armour  |       |     2 |    10 |     1 ||    13
       Wereblood         |       |     2 |       |       ||     2
       Hailstorm         |       |     1 |     1 |       ||     2
       Poisonous Vapours |       |       |       |     3 ||     3
  Use: Scroll            |       |     1 |     1 |     2 ||     4
 Stab: Distracted        |       |       |     2 |       ||     2
Armor: Robe              |    10 |     9 |       |       ||    19
       Leather armour    |       |       |    55 |       ||    55
Dodge: Dodged            |    17 |    18 |    54 |     2 ||    91
Block: Buckler           |     9 |    18 |    36 |       ||    63
